AoeStats
← ElHuguidro

Arabian Desert

509270574Analyzed
1v1 RM · 4d ago on Sep 26, 2026· 34m 39s· 2 players
Game mode
Random Map
Map size
Tiny (2 player)
Population
200
Speed
Normal
Resources
Standard
Victory
Conquest
Starting age
Dark Age
Ending age
Imperial Age
RankedLock teamsTeams togetherTeam positionsShared explorationLock speedFull tech treeHidden civsTurbo modeCheats
Victory
Defeat
🇨🇷 Lithuanians · Costa Rica
1068
+15
🇦🇷 Bulgarians · Argentina
1043
-15
ElHuguidro
7:34 Loom
9:45 Feudal Age
20:58 Castle Age
20:43 Stone Mining
34:51 Double-Bit Axe
Karenina2023356
0:35 Loom
12:57 Feudal Age
16:35 Castle Age
27:49 Fletching
34:21 Hill Forts
Connection lost

Rejoining the realm…

Still unreachable

The connection could not be restored.

Session expired

The server has moved on; the page needs a fresh start.